 Dungeon Crawl Stone Soup version 0.29.1-15-g9cfb28693d (console) character file.

Game seed: 17364470869508215709

20019 erker the Skirmisher (level 13, 0/98 HPs)
             Began as a Formicid Arcane Marksman on Apr 10, 2023.
             Was an Initiate of Gozag.
             Slain by a red devil
             ... wielding a +0 trident
             ... summoned by an orc high priest
              (15 damage)
             ... on level 1 of the Orcish Mines on Apr 11, 2023.
             The game lasted 02:28:08 (23832 turns).

erker the Skirmisher (Formicid Arcane Marksman)    Turns: 23832, Time: 02:28:08

Health: 0/98       AC:  8    Str: 15    XL:     13   Next: 9%
Magic:  3/33       EV: 12    Int: 18    God:    Gozag
Gold:   1527       SH:  0    Dex: 14    Spells: 2/27 levels left

rFire   + . .      SeeInvis +   a - +0 arbalest
rCold   + . .      Faith    .   (no shield)
rNeg    . . .      Spirit   .   c - +2 robe {rF+}
rPois   .          Reflect  .   (helmet unavailable)
rElec   .          Harm     .   t - +1 cloak
rCorr   .          Rampage  .   h - +0 pair of gloves
Will    +....                   D - +0 pair of boots
Stlth   +.........              u - amulet of the acrobat
HPRegen 0.26/turn               B - ring of magical power
MPRegen 0.23/turn               w - ring of protection from cold

@: no status effects
A: permanent stasis, dig shafts and tunnels, antennae 3, four strong arms
a: Dig, Shaft Self, Renounce Religion, Potion Petition, Call Merchant, Bribe
Branch


You were on level 1 of the Orcish Mines.
You worshipped Gozag.
Gozag was most pleased with you.
You visited 4 branches of the dungeon, and saw 14 of its levels.
You also visited: Ice Cave.

You collected 2153 gold pieces.
You paid 626 gold pieces to Gozag.

Inventory:

Hand Weapons
 a - a +0 arbalest (weapon)
 b - a +4 dagger of venom
 R - a +0 shortbow
Missiles
 g - 5 curare-tipped darts
 l - 5 atropa-tipped darts
 q - a poisoned dart
Armour
 c - a +2 robe of fire resistance (worn)
 e - a +2 robe of willpower
 h - a +0 pair of gloves (worn)
 t - a +1 cloak (worn)
 D - a +0 pair of boots (worn)
 H - a +0 ring mail of cold resistance
 K - +0 fire dragon scales
Magical Staves
 r - a staff of conjuration
Jewellery
 u - an amulet of the acrobat (around neck)
 w - a ring of protection from cold (right hand)
 B - a ring of magical power (left hand)
 E - a ring of protection from fire
 I - a ring of flight
Wands
 v - a wand of roots (3)
 F - a wand of mindburst (3)
 M - a wand of charming (8)
Scrolls
 d - a scroll of vulnerability
 f - 2 scrolls of magic mapping
 o - 2 scrolls of poison
 p - a scroll of amnesia
 s - 2 scrolls of fear {unknown}
 y - a scroll of torment
 O - a scroll of enchant weapon
Potions
 i - 3 potions of attraction {unknown}
 j - 3 potions of heal wounds
 k - 2 potions of magic {unknown}
 n - 2 potions of curing
 x - a potion of lignification
 G - a potion of might
 J - a potion of brilliance
Miscellaneous
 L - a lightning rod (4/4)
 P - a tin of tremorstones (2/2)


   Skills:
 + Level 8.0 Fighting
 * Level 13.1 Ranged Weapons
 - Level 1.7 Dodging
 + Level 7.6 Spellcasting
 + Level 11.6 Hexes
 + Level 3.6 Translocations
 * Level 4.6 Transmutations
 - Level 2.0 Fire Magic
 + Level 4.0 Ice Magic
 - Level 4.0 Earth Magic


You had 2 spell levels left.
You knew the following spells:

 Your Spells              Type           Power      Damage    Failure   Level
a - Slow                  Hex            100%       N/A       1%          1
f - Cause Fear            Hex            24%        N/A       1%          4
i - Inner Flame           Hex/Fire       31%        N/A       1%          3
l - Leda's Liquefaction   Hex/Erth       17%        N/A       4%          4
r - Frozen Ramparts       Ice            42%        1d7       6%          3
w - Passwall              Tmut/Erth      18%        N/A       2%          2
y - Yara's Violent Unrav  Hex/Tmut       18%        3d9       10%         5
z - Portal Projectile     Hex/Tloc       68%        N/A       1%          3

Your spell library contained the following spells:

 Spells                   Type           Power      Damage    Failure   Level
 Freeze                   Ice            84%        1d10      1%          1
 Sandblast                Erth           42%        2d11      1%          1
 Sting                    Tmut/Pois      60%        1d6       4%          1
 Magic Dart               Conj           24%        1d4       11%         1
 Shock                    Conj/Air       24%        1d4       11%         1
 Call Imp                 Summ           6%         N/A       16%         2
 Poisonous Vapours        Pois/Air       12%        N/A       16%         2
 Searing Ray              Conj           12%        2d4       16%         2
 Confusing Touch          Hex            48%        N/A       1%          3
 Fulminant Prism          Conj/Hex       13%        3d9       10%         4
 Stone Arrow              Conj/Erth      28%        3d8       14%         3
 Call Canine Familiar     Summ           6%         N/A       30%         3
 Mephitic Cloud           Conj/Pois/Air  6%         N/A       30%         3
 Hailstorm                Conj/Ice       14%        3d5       41%         4
 Enfeeble                 Hex            24%        N/A       58%         7
 Airstrike                Air            3%         2d(1-17)  71%         4
 Olgreb's Toxic Radiance  Pois           6%         N/A       71%         4
 Summon Forest            Summ/Tloc      6%         N/A       80%         5
 Eringya's Noxious Bog    Tmut/Pois      7%         N/A       99%         6
 Summon Hydra             Summ           3%         N/A       100%        7
 Swiftness                Air            Unusable   N/A       N/A         3

Dungeon Overview and Level Annotations

Branches:
Dungeon (9/15)             Temple (1/1) D:4            Lair (2/5) D:9
  Swamp (0/4) Lair:2          Orc (2/2) D:9             Elf (0/3) Orc:2
  IceCv (visited)
  Snake: Lair:2-3    Spider: Lair:2-3

Altars:
Ashenzari
Cheibriados
Dithmenos
Elyvilon
Fedhas
Gozag
Hepliaklqana
Kikubaaqudgha
Makhleb
Nemelex Xobeh
Okawaru
Qazlal
Ru
Sif Muna
Trog
Uskayaw
Vehumet
Wu Jian
Xom
Yredelemnul
Zin
The Shining One

Shops:
D:2 =   D:3 =[   D:9 =   Orc:1 :   Orc:2 *

Annotations:
D:6 1 runed translucent door, Crazy Yiuf
D:9 exclusion: door, Gastronok


Innate Abilities, Weirdness & Mutations

You cannot be hasted, slowed, berserked, paralysed or teleported.
You can dig through walls and to a lower floor.
You have a pair of large antennae on your head. (SInv)
Your four strong arms can wield two-handed weapons with a shield.


Message History

Press: ? - help, Q - select action, (/) - cycle Shift-Dir - straight line, f - orc high priest
Aim: an orc high priest, wielding a +0 war axe and wearing a +0 scale mail (almost dead, misshapen and mutated, 62% to hit)
You shoot a bolt.
The bolt barely misses the orc high priest.
The bolt barely misses the red devil.
The orc high priest prays to Beogh.
Fire: a) +0 arbalest
Press: ? - help, Q - select action, (/) - cycle Shift-Dir - straight line, f/p - orc high priest
Aim: an orc high priest, wielding a +0 war axe and wearing a +0 scale mail (almost dead, misshapen and mutated, 62% to hit)
You shoot a bolt.
The bolt closely misses the orc high priest.
The bolt hits the red devil.
The red devil is moderately wounded.
The orc high priest calls down the wrath of Beogh upon you.
Pain shoots through your body!
* * * LOW HITPOINT WARNING * * *
The neqoxec hits you.
* * * LOW HITPOINT WARNING * * *
The red devil hits you but does no damage.
Fire: a) +0 arbalest
Press: ? - help, Q - select action, (/) - cycle Shift-Dir - straight line, f/p - orc high priest
Aim: an orc high priest, wielding a +0 war axe and wearing a +0 scale mail (almost dead, misshapen and mutated, 62% to hit)
You shoot a bolt. The bolt hits the orc high priest.
The orc high priest is almost dead.
The orc high priest hits you but does no damage.
The neqoxec barely misses you. The red devil closely misses you.
The orc high priest barely misses you.
Fire: a) +0 arbalest
Press: ? - help, Q - select action, (/) - cycle Shift-Dir - straight line, f/p - orc high priest
Aim: an orc high priest, wielding a +0 war axe and wearing a +0 scale mail (almost dead, misshapen and mutated, 62% to hit)
You shoot a bolt.
The bolt barely misses the orc high priest.
The bolt hits the red devil!!
The red devil is almost dead.
The red devil hits you but does no damage.
The neqoxec barely misses you.
The orc high priest hits you but does no damage.
The red devil hits you from afar with a +0 trident!
You die...
Your body crumbles into a pile of gold.

...[..##.....#[###
##.........####..####
##.<)......#......#.##
..#......###.....#...#
.........##......#..##
..[.................##
#.)...#.....##.......##
..[..#####...###......#
#)[..####.....#.@....##
......##...$$##o3...##
......#...).>$4.3#.##
..#.......###...####
.#####.#####...## ##
#.## ##...# ### ##.##
###


You could see an orc high priest (misshapen), a smoke demon (summoned), a
neqoxec (summoned, misshapen) and a red devil (summoned).

Vanquished Creatures
  A hydra (Lair:2)
  2 orc high priests
  A bog body (Lair:2)
  Pikel (D:8)
  2 orc sorcerers (Orc:1)
  A wolf spider (Lair:2)
  A black mamba (Lair:1)
  A cane toad (Lair:2)
  Psyche (D:8)
  A rime drake (Lair:2)
  2 komodo dragons (Lair:1)
  3 trolls
  Prince Ribbit (D:7)
  16 blink frogs
  6 slime creatures (IceCv)
  Sigmund (D:3)
  17 yaks
  5 wyverns
  A basilisk (D:9)
  Grum (D:8)
  5 wargs (Orc:1)
  13 orc warriors
  A sky beast (D:6)
  2 black bears
  5 ogres
  3 wolves
  A centaur (D:9)
  A phantom (D:6)
  2 slime creature simulacra (IceCv)
  4 kobold brigands (D:9)
  6 bullfrogs
  4 gnoll sergeants (D:9)
  A necrophage (D:5)
  A scorpion (D:6)
  5 wights
  3 killer bees (D:7)
  An electric eel (Lair:1)
  7 howler monkeys
  3 hounds
  7 orc priests
  A jelly (D:5)
  Ijyb (D:3)
  3 iguanas (D:6)
  9 orc wizards
  2 shapeshifter simulacra (IceCv)
  Robin (D:3)
  5 gnolls
  13 adders
  2 white imps
  3 ufetubi
  3 dart slugs
  57 orcs
  11 endoplasms
  5 giant cockroaches
  17 goblins
  10 hobgoblins
  3 jackals (D:4)
  6 kobolds
  A quokka (D:2)
  10 ball pythons
  2 bats (D:1)
  A frilled lizard (D:1)
  8 rats
314 creatures vanquished.

Vanquished Creatures (collateral kills)
  2 blink frogs (Lair:1)
2 creatures vanquished.

Vanquished Creatures (others)
  A bullfrog (Lair:2)
  A bush (Lair:2)
  28 fungi
  92 plants
122 creatures vanquished.

Grand Total: 438 creatures vanquished

Notes
Turn   | Place    | Note
-------+----------+-------------------------------------------
     0 | D:1      | erker the Formicid Arcane Marksman began the quest for the
                  | Orb.
     0 | D:1      | Reached XP level 1. HP: 15/15 MP: 2/2
    12 | D:1      | Noticed a demonspawn zombie
    18 | D:1      | Noticed a merfolk zombie
   223 | D:1      | Reached XP level 2. HP: 21/21 MP: 3/3
   494 | D:1      | Reached XP level 3. HP: 26/26 MP: 4/4
   651 | D:1      | Reached skill level 3 in Ranged Weapons
  1105 | D:3      | Found Mofajo's Antique Armour Emporium.
  1194 | D:3      | Found Mealoveo's Jewellery Shoppe.
  1385 | D:3      | Noticed Sigmund
  1476 | D:3      | Noticed Ijyb
  1602 | D:4      | Reached XP level 4. HP: 29/32 MP: 5/5
  1607 | D:4      | Learned a level 4 spell: Cause Fear
  1632 | D:4      | Noticed Robin
  1896 | D:3      | Killed Robin
  2265 | D:4      | Found a staircase to the Ecumenical Temple.
  2271 | Temple   | Entered the Ecumenical Temple
  2331 | D:4      | Reached skill level 4 in Ranged Weapons
  2331 | D:4      | Reached XP level 5. HP: 37/37 MP: 6/6
  2660 | D:2      | Reached skill level 5 in Hexes
  2844 | D:2      | Found Baydyla's Jewellery Shop.
  3680 | D:3      | Reached XP level 6. HP: 33/43 MP: 7/7
  3851 | D:3      | Killed Sigmund
  3852 | D:3      | Reached skill level 5 in Ranged Weapons
  4271 | D:4      | Reached XP level 7. HP: 48/48 MP: 8/8
  4327 | D:4      | Reached skill level 6 in Ranged Weapons
  4684 | D:5      | Entered Level 5 of the Dungeon
  5047 | D:5      | Identified the +3 ring mail of Viny Knowledge {rElec rF-
                  | Int-4 Stlth+}
  5371 | D:5      | Found a blossoming altar of Fedhas.
  5523 | D:5      | Found a basalt altar of Yredelemnul.
  5998 | D:6      | Reached XP level 8. HP: 46/54 MP: 9/9
  6048 | D:6      | Reached skill level 7 in Ranged Weapons
  6582 | D:6      | Reached skill level 8 in Ranged Weapons
  7226 | D:6      | Found a runed translucent door.
  7227 | D:6      | Noticed Crazy Yiuf
  7688 | D:3      | Killed Ijyb
  7900 | D:7      | Found a sparkling altar of Nemelex Xobeh.
  7922 | D:7      | Found a glowing golden altar of the Shining One.
  8143 | D:7      | Noticed Prince Ribbit
  8693 | D:6      | Reached XP level 9. HP: 54/61 MP: 11/11
  9387 | D:7      | Killed Prince Ribbit
  9388 | D:7      | Reached skill level 9 in Ranged Weapons
  9539 | D:7      | Found an iron altar of Okawaru.
 10151 | D:8      | Noticed Psyche
 10170 | D:8      | Killed Psyche
 10394 | D:8      | Noticed Grum
 10415 | D:8      | Reached XP level 10. HP: 19/71 MP: 15/15
 10671 | D:8      | Killed Grum
 10672 | D:8      | Reached skill level 10 in Ranged Weapons
 10983 | D:8      | Noticed Pikel
 11002 | D:8      | Killed Pikel
 11384 | D:9      | Reached skill level 5 in Fighting
 11437 | D:9      | Found an opulent altar of Gozag.
 11437 | D:9      | Found a bloodstained altar of Trog.
 11444 | D:9      | Became a worshipper of Gozag Ym Sagoz the Greedy
 11485 | D:9      | Found Tiysyfyum's Jewellery Shoppe.
 12148 | D:9      | Learned a level 4 spell: Leda's Liquefaction
 12152 | D:9      | Learned a level 3 spell: Inner Flame
 12156 | D:9      | Learned a level 3 spell: Portal Projectile
 12653 | D:9      | Reached skill level 5 in Spellcasting
 12738 | D:9      | Reached skill level 11 in Ranged Weapons
 12747 | D:9      | Found a staircase to the Orcish Mines.
 12759 | D:9      | Reached skill level 10 in Hexes
 12951 | D:8      | Reached XP level 11. HP: 32/81 MP: 15/19
 13465 | D:9      | Found a staircase to the Lair.
 13694 | D:9      | Found a burning altar of Makhleb.
 13697 | D:9      | Found a white marble altar of Elyvilon.
 13701 | D:9      | Found a hazy altar of Hepliaklqana.
 13701 | D:9      | Found a shimmering altar of Xom.
 13703 | D:9      | Found a shadowy altar of Dithmenos.
 14112 | Lair:1   | Entered Level 1 of the Lair of Beasts
 14112 | Lair:1   | Noticed Gastronok
 14310 | Lair:1   | Found a frozen archway.
 14371 | IceCv    | Entered an ice cave
 14376 | IceCv    | Learned a level 2 spell: Passwall
 14814 | IceCv    | Learned a level 5 spell: Yara's Violent Unravelling
 15062 | IceCv    | Reached skill level 12 in Ranged Weapons
 15062 | IceCv    | Reached skill level 1 in Earth Magic
 15202 | IceCv    | Noticed a quicksilver ooze
 15379 | Lair:1   | Reached skill level 1 in Translocations
 15379 | Lair:1   | Reached skill level 1 in Transmutations
 15403 | Lair:1   | Reached skill level 1 in Fire Magic
 15437 | Lair:1   | HP: 2/79 [blink frog (7)]
 17809 | Lair:1   | Reached XP level 12. HP: 66/91 MP: 21/21
 18104 | Lair:2   | Found a staircase to the Swamp.
 18144 | Lair:2   | Noticed a six-headed hydra
 18179 | Lair:2   | Killed a six-headed hydra
 18197 | Lair:2   | HP: 6/136 [poisoned by a cane toad]
 18755 | Lair:2   | Learned a level 3 spell: Frozen Ramparts
 18795 | Lair:2   | Reached skill level 1 in Ice Magic
 20326 | Orc:1    | Entered Level 1 of the Orcish Mines
 21386 | Orc:1    | Noticed an orc high priest
 21398 | Orc:1    | Noticed a sixfirhy
 21414 | D:9      | Noticed a sixfirhy
 21416 | D:9      | Killed an orc high priest
 21952 | Orc:1    | Found Ikloonopp's Book Shop.
 22593 | Orc:2    | Entered Level 2 of the Orcish Mines
 22593 | Orc:2    | Found Ligif's Overcharged Wands.
 22641 | Orc:1    | Reached skill level 13 in Ranged Weapons
 22729 | Orc:2    | Found a staircase to the Elven Halls.
 22731 | Orc:2    | Noticed an orc high priest
 23185 | Orc:2    | Noticed an orc warlord
 23189 | Orc:2    | Reached XP level 13. HP: 69/98 MP: 24/24
 23832 | Orc:1    | Slain by a red devil

Illustrated notes

Levels and vault maps discovered:
D:1:      shiori_arrival_whats_in_store_for_you, layout_rooms
D:2:      minmay_alternating_diamond, layout_loops_ring, serial_shops,
          nicolae_shop_trees, minmay_misc_feat_secret_circle,
          serial_bayou_pond_e
D:3:      layout_basic, serial_shops, shop, nicolae_square_shop, uniq_sigmund,
          uniq_ijyb
D:4:      layout_loops_ring, minmay_temple_entry_hall, uniq_robin
D:5:      layout_cave_pools, lemuel_tele_altar, old_standard_altar, st_stairs_14
D:6:      layout_cave_pools, hangedman_minor_gate_pass, uniq_crazy_yiuf_cottage
D:7:      layout_cave_pods, mainiacjoe_overflow_paths,
          nemelex_spade_bored_becter, kennysheep_okawaru_gauntlet,
          hangedman_abyss_or_decor_lesser_grid, uniq_prince_ribbit1
D:8:      layout_cave_pools, uniq_grum, uniq_pikel, uniq_psyche
D:9:      cheibrodos_two_vegetables, layout_gridville,
          gammafunk_temple_overflow_pools, minitemple, david_lair_generic,
          kennysheep_orc_monster_closet_entryway, serial_shops, shop,
          kennysheep_small_square
Temple:   nicolae_temple_ecumenical_triangle
Lair:1:   wad_woods_structure_01, layout_regular_city,
          portal_ice_cave_entry_pillars_1, infiniplex_staircase_pool,
          uniq_gastronok
Lair:2:   minmay_lair_venomous_thicket, layout_cave_pods,
          skrybe_swamp_entry_bodies, beast_lair_carwin_1, grunt_megastairs_2
Orc:1:    layout_diamond_mine, basic_altar, serial_shops, shop_fountains,
          bh_open_orc_temple
Orc:2:    st_orc_town, layout_caves, serial_shops, nicolae_shop_statue_plus,
          nicolae_orc_bridge_out, nicolae_shop_overcharged_wands

Skill      XL: |  1  2  3  4  5  6  7  8  9 10 11 12 13 |
---------------+----------------------------------------+-----
Hexes          | 4 5 6 8 9 10 11 | 11.6
Ranged Weapons | 3 4 5 6 8 9 11 12 13 | 13.1
Fighting       | 2 4 6 7 8 |  8.0
Spellcasting   | 3 5 6 7 |  7.6
Earth Magic    | 2 4 |  4.0
Translocations | 2 3 |  3.6
Transmutations | 2 4 |  4.6
Fire Magic     | 1 2 |  2.0
Ice Magic      | 3 4 |  4.0
Dodging        | |  1.7

Action                   |  1- 3 |  4- 6 |  7- 9 | 10-12 | 13-15 || total
-------------------------+-------+-------+-------+-------+-------++-------
Melee: Dagger            |       |    36 |   164 |   189 |       ||   389
       Punch             |       |     1 |     2 |     2 |       ||     5
 Fire: Sling             |   137 |   151 |   368 |    71 |       ||   727
       Shortbow          |       |       |       |   744 |       ||   744
       Arbalest          |       |       |       |    63 |    38 ||   101
Throw: Dart              |       |       |    28 |    22 |       ||    50
 Cast: Slow              |     6 |     7 |    45 |   131 |     1 ||   190
       Cause Fear        |       |       |    13 |    96 |    20 ||   129
       Inner Flame       |       |       |       |    23 |     6 ||    29
       Leda's Liquefacti |       |       |       |    32 |     2 ||    34
       Frozen Ramparts   |       |       |       |    13 |       ||    13
       Yara's Violent Un |       |       |       |    11 |     5 ||    16
       Portal Projectile |       |       |       |     3 |       ||     3
Invok: Potion Petition   |       |       |       |     1 |       ||     1
 Abil: Dig               |       |       |     1 |     9 |       ||    10
Evoke: Wand              |       |       |     7 |    21 |     1 ||    29
       Lightning rod     |       |       |       |     4 |       ||     4
       Tin of tremorston |       |       |       |     1 |       ||     1
  Use: Potion            |       |       |     1 |     9 |     2 ||    12
       Scroll            |       |       |       |    16 |       ||    16
Armor: Robe              |    10 |    22 |    86 |    90 |     7 ||   215
       Skin              |       |       |       |    35 |       ||    35
Dodge: Dodged            |    26 |    82 |   191 |   265 |    20 ||   584
